 Dungeon Crawl Stone Soup version 0.28.0-53-g5a82cb258f (webtiles) character file.

Game seed: 4303883255507325118

33 styxcanada the Sneak (level 3, -2/18 HPs)
             Began as a Spriggan Brigand on Aug 4, 2022.
             Killed from afar by Sigmund (5 damage)
             ... with a magic dart
             ... on level 2 of the Dungeon.
             The game lasted 00:03:44 (890 turns).

styxcanada the Sneak (Spriggan Brigand)              Turns: 890, Time: 00:03:44

Health: -2/18      AC:  3    Str:  7    XL:     3   Next: 12%
Magic:  4/4        EV: 17    Int: 12    God:
Gold:   23         SH:  0    Dex: 18    Spells: 2/2 levels left

rFire   . . .      SeeInvis +   j - +2 dagger (elec)
rCold   . . .      Faith    .   (no shield)
rNeg    . . .      Spirit   .   b - +0 robe
rPois   .          Reflect  .   (helmet restricted)
rElec   .          Harm     .   c - +0 cloak
rCorr   .          Rampage  .   (gloves unavailable)
Will    .....                   (boots unavailable)
Stlth   ++++......              (no amulet)
HPRegen 0.06/turn               (no ring)
MPRegen 0.09/turn               (no ring)

@: very quick
A: very small, no large weapons, unfitting armour, see invisible, speed 3
a: no special abilities


You were on level 2 of the Dungeon.
You visited 1 branch of the dungeon, and saw 2 of its levels.

You collected 23 gold pieces.

Inventory:

Hand Weapons
 a - a +2 dagger
 j - a +2 dagger of electrocution (weapon)
Missiles
 d - 3 poisoned darts (quivered)
 e - 2 curare-tipped darts
 f - 42 stones
Armour
 b - a +0 robe (worn)
 c - a +0 cloak (worn)
Potions
 g - a potion of curing {unknown}
 i - 2 potions of heal wounds {unknown}
 l - a potion of lignification {unknown}
 m - a potion of flight {unknown}
 o - a potion of haste {unknown}


   Skills:
 * Level 1.7 Fighting
 + Level 2.2 Short Blades
 + Level 2.1 Throwing
 * Level 2.0 Dodging
 * Level 7.0 Stealth


You had 2 spell levels left.
You didn't know any spells.
Your spell library was empty.

Dungeon Overview and Level Annotations

Branches:
Dungeon (2/15)

Altars:

Annotations:
D:2 Sigmund


Innate Abilities, Weirdness & Mutations

You are very small and have problems with some larger weapons.
You are too small for most types of armour.
You have supernaturally acute eyesight. (SInv)
You cover ground extremely quickly. (Speed+++)


Message History

Unknown command.
Sigmund misses you.
You bump into the rock wall.
Unknown command.
You bump into the rock wall.
Sigmund hits you from afar with a +0 scythe.
Unknown command.
You feel less confused.
Sigmund hits you from afar with a +0 scythe.
d - 7 poisoned darts (gained 1) Sigmund mumbles some strange words.
Sigmund flickers and vanishes for a moment.
Throw: 7 darts (poison)
Press: ? - help, Q - select action, (/) - cycle Shift-Dir - straight line, f - Sigmund
Aim: Sigmund, wielding a +0 scythe and wearing a +0 robe (slightly transparent, 58% to hit)
You throw a poisoned dart.
The poisoned dart closely misses Sigmund.
Throw: 6 darts (poison)
Press: ? - help, Q - select action, (/) - cycle Shift-Dir - straight line, f/p - Sigmund
Aim: Sigmund, wielding a +0 scythe and wearing a +0 robe (slightly transparent, 58% to hit)
You throw a poisoned dart. The poisoned dart hits Sigmund.
Sigmund is poisoned.
Unknown command.
Throw: 5 darts (poison)
Press: ? - help, Q - select action, (/) - cycle Shift-Dir - straight line, f/p - Sigmund
Aim: Sigmund, wielding a +0 scythe and wearing a +0 robe (lightly wounded, slightly transparent, poisoned, 58% to hit)
You throw a poisoned dart.
The poisoned dart barely misses Sigmund.
Sigmund points at you and mumbles some strange words.
The magic dart hits you.
* * * LOW HITPOINT WARNING * * *
Found an escape hatch in the ceiling.
Throw: 4 darts (poison)
Press: ? - help, Q - select action, (/) - cycle Shift-Dir - straight line, f/p - Sigmund
Aim: Sigmund, wielding a +0 scythe and wearing a +0 robe (lightly wounded, slightly transparent, poisoned, 58% to hit)
You throw a poisoned dart. The poisoned dart hits Sigmund.
Sigmund looks even sicker.
Sigmund is lightly wounded.
Sigmund points at you and mumbles some strange words.
The magic dart hits you.
You die...

#...##### .. .. # #.
### .## ###. ..#
.... ... #.# ### #..
#####.#####.# ..#...
#........##.###.#.#
#..@.....@(...(#
.......#(.#..###.###
.#.###.......###.#
#.#......##@#
.....##....#(##
<.........#.(..#
#.......##...##.#
#....... ######.#
.... ###.#


You could see Sigmund (invisible, very poisoned).

Vanquished Creatures
  A dart slug (D:1)
  4 endoplasms (D:1)
  A giant cockroach (D:1)
  2 hobgoblins (D:1)
  3 jackals (D:1)
  A quokka (D:1)
  3 ball pythons (D:1)
  2 bats
  3 frilled lizards (D:1)
  4 goblins (D:1)
  3 kobolds (D:1)
  3 rats (D:1)
30 creatures vanquished.

Notes
Turn   | Place    | Note
-------+----------+-------------------------------------------
     0 | D:1      | styxcanada the Spriggan Brigand began the quest for the
                  | Orb.
     0 | D:1      | Reached XP level 1. HP: 10/10 MP: 2/2
    54 | D:1      | Reached skill level 6 in Stealth
   108 | D:1      | Reached XP level 2. HP: 5/14 MP: 3/3
   382 | D:1      | Found a faded altar of an unknown god.
   615 | D:1      | Reached XP level 3. HP: 18/18 MP: 4/4
   619 | D:1      | Reached skill level 7 in Stealth
   855 | D:2      | Noticed Sigmund
   890 | D:2      | Killed from afar by Sigmund

Illustrated notes

Levels and vault maps discovered:
D:1:      onia_arrival_pyramid, layout_rooms, basic_ecumenical_altar,
          minmay_liquid_box
D:2:      layout_loops_cross, wander_ebering_terrifying_dragon_lair,
          uniq_sigmund, uniq_natasha

Skill      XL: |  1  2  3 |
---------------+----------+-----
Stealth        | 6 7 |  7.0
Dodging        | 2 |  2.0
Fighting       | |  1.7
Short Blades   | |  2.2
Throwing       | |  2.1

Action                   || total
-------------------------++-------
Melee: Dagger            ||    46
Throw: Dart              ||    12
  Use: Scroll            ||     3
 Stab: Sleeping          ||     8
       Distracted        ||     1
Armor: Robe              ||     5
Dodge: Dodged            ||    23
